[Event "December 12 Early 2023"]
[Site "https://www.chess.com"]
[Date "2023.12.12"]
[Round "1"]
[White "Kovalevsky, Stanislav"]
[Black "Onyshchuk, Volodymyr"]
[Result "0-1"]
[Board "46"]
[TimeControl "180+1"]
[WhiteFideId "13508598"]
[BlackFideId "14114038"]
[WhiteElo "2493"]
[BlackElo "2879"]
[WhiteTeam "FID"]
[BlackTeam "UKR"]
[WhiteClock "0:00:16"]
[BlackClock "0:01:11"]

1. e4 d6 2. c4 Nf6 3. Nc3 g6 4. g3 Bg7 5. Bg2 O-O 6. Nge2 c5 7. O-O Nc6 8. a3 Nd7 9. Rb1 a5 10. f4 Nd4 11. d3 Nb8 12. Nxd4 Bxd4+ 13. Kh1 Nc6 14. Nb5 Bg7 15. b3 Bd7 16. Bb2 Bxb2 17. Rxb2 Qb6 18. f5 Ne5 19. f6 Bxb5 20. fxe7 Rfe8 21. cxb5 Qxb5 22. Rbf2 Rxe7 23. d4 cxd4 24. Qxd4 Qc5 25. Qb2 Rc8 26. b4 Qc3 27. bxa5 Nd3 28. Qb6 Nxf2+ 29. Rxf2 Qxa3 30. Bh3 Rce8 31. Qb5 Qc5 32. Qf1 Rxe4 33. Rxf7 Qd5 34. Bg2 Qxf7 35. Qxf7+ Kxf7 0-1

[Event "December 12 Early 2023"]
[Site "https://www.chess.com"]
[Date "2023.12.12"]
[Round "1"]
[White "Szpar, Milosz"]
[Black "Ljukin, Sergei"]
[Result "1-0"]
[Board "47"]
[TimeControl "180+1"]
[WhiteFideId "1184989"]
[BlackFideId "14102200"]
[WhiteElo "2878"]
[BlackElo "2492"]
[WhiteTeam "POL"]
[BlackTeam "UKR"]
[WhiteClock "0:00:07"]
[BlackClock "0:00:00"]

1. e4 e6 2. d4 d5 3. Nc3 Bb4 4. Ne2 Nc6 5. a3 Ba5 6. b4 Bb6 7. Bb2 Nge7 8. Qd3 O-O 9. Na4 Bd7 10. Nxb6 axb6 11. Ng3 Ng6 12. Be2 dxe4 13. Nxe4 e5 14. dxe5 Ncxe5 15. Qg3 Bc6 16. Rd1 Qe7 17. Nd2 Nd7 18. Nf1 f5 19. Qe3 Qf7 20. Qb3 Qxb3 21. cxb3 Rae8 22. Kd2 Bxg2 23. Rg1 Bd5 24. Rc1 c6 25. Ne3 Bxb3 26. h4 Nge5 27. f4 Ng4 28. Nxg4 fxg4 29. Rxg4 Nf6 30. Rg3 Rd8+ 31. Ke1 Bd5 32. Kf1 Rf7 33. Kg1 Ne4 34. Rg2 Rdd7 35. Bh5 Rxf4 36. Rf1 Rxf1+ 37. Kxf1 Re7 38. Kg1 g6 39. Bf3 Rd7 40. Re2 Ng3 41. Bxd5+ Rxd5 42. Re7 Rd2 43. Be5 Ne2+ 44. Kf1 Nd4 45. Rg7+ Kf8 46. Rxh7 Nf3 47. Bf4 Rc2 48. Rxb7 b5 49. Bg3 Ra2 50. Rb6 Rxa3 51. Rxc6 Rb3 52. Rxg6 Rxb4 53. Rf6+ Kg7 54. Rxf3 Kh6 55. Kg2 Kh5 56. Kh3 Rb1 57. Rf5+ Kg6 58. Kg4 Rb4+ 59. Rf4 Rb1 60. h5+ Kh6 61. Rf6+ Kg7 62. Rb6 1-0

[Event "December 12 Early 2023"]
[Site "https://www.chess.com"]
[Date "2023.12.12"]
[Round "1"]
[White "Musalov, Ruslan"]
[Black "Ilamparthi A R"]
[Result "0-1"]
[Board "48"]
[TimeControl "180+1"]
[WhiteFideId "4141490"]
[BlackFideId "45015775"]
[WhiteElo "2489"]
[BlackElo "2875"]
[WhiteTeam "RUS"]
[BlackTeam "IND"]
[WhiteClock "0:00:39"]
[BlackClock "0:01:07"]

1. e4 c5 2. Nf3 e6 3. d4 cxd4 4. Nxd4 Nf6 5. Nc3 Nc6 6. Nxc6 bxc6 7. e5 Nd5 8. Ne4 Qc7 9. f4 Rb8 10. c4 Bb4+ 11. Ke2 O-O 12. a3 Be7 13. cxd5 cxd5 14. Nd6 f6 15. Nxc8 Rfxc8 16. exf6 Bxf6 17. Rb1 Qc4+ 18. Kf2 Bd4+ 19. Kg3 Rb3+ 20. Kg4 Qa4 21. Bd2 h5+ 22. Kxh5 Bf6 23. Bd3 e5 24. Bc2 Rxc2 25. Bc3 Qxf4 0-1

[Event "December 12 Early 2023"]
[Site "https://www.chess.com"]
[Date "2023.12.12"]
[Round "1"]
[White "Shankland, Sam"]
[Black "Kukreja Sankalp"]
[Result "1-0"]
[Board "49"]
[TimeControl "180+1"]
[WhiteFideId "2004887"]
[BlackFideId "45027676"]
[WhiteElo "2872"]
[BlackElo "2488"]
[WhiteTeam "USA"]
[BlackTeam "IND"]
[WhiteClock "0:00:43"]
[BlackClock "0:00:03"]

1. d4 d5 2. c4 c6 3. Nc3 Nf6 4. e3 g6 5. Nf3 Bg7 6. Be2 dxc4 7. Bxc4 O-O 8. O-O Bg4 9. Be2 Nbd7 10. e4 Bxf3 11. Bxf3 e5 12. d5 cxd5 13. Nxd5 Nc5 14. Be3 Ncxe4 15. Nxf6+ Nxf6 16. Bxb7 Rb8 17. Bc6 Rxb2 18. Qc1 Rb8 19. Bc5 Rc8 20. Bxf8 Bxf8 21. Qc4 Qd4 22. Rac1 Ba3 23. Rc2 Rd8 24. Ba4 Ne4 25. Bb3 Rd7 26. Qc8+ Kg7 27. Rc7 Rxc7 28. Qxc7 Nd6 29. Rd1 Qc5 30. Qxc5 Bxc5 31. Rd5 Ne4 32. Rd7 Bxf2+ 33. Kf1 Bd4 34. Rxf7+ Kh6 35. Ke2 Nc5 36. h4 Nxb3 37. axb3 Bc3 38. g4 Bd4 39. Kf3 g5 40. h5 Bc3 41. Ke4 Bb2 42. Rxa7 Bd4 43. Rd7 1-0

[Event "December 12 Early 2023"]
[Site "https://www.chess.com"]
[Date "2023.12.12"]
[Round "1"]
[White "Kuznetsova, Olga"]
[Black "Gokerkan, Cem Kaan"]
[Result "0-1"]
[Board "50"]
[TimeControl "180+1"]
[WhiteFideId "4191323"]
[BlackFideId "6336760"]
[WhiteElo "2488"]
[BlackElo "2867"]
[WhiteTeam "RUS"]
[BlackTeam "TUR"]
[WhiteClock "0:00:07"]
[BlackClock "0:01:02"]

1. d4 Nf6 2. Bf4 g6 3. e3 Bg7 4. Nd2 c5 5. c3 O-O 6. h4 cxd4 7. exd4 Nc6 8. h5 d6 9. hxg6 hxg6 10. Ngf3 e5 11. Bg5 exd4 12. cxd4 Re8+ 13. Be2 Qe7 14. Kf1 Bf5 15. d5 Nb4 16. Bb5 Rec8 17. a3 Nbxd5 18. Qb3 Bc2 19. Qxd5 Nxd5 20. Bxe7 Nxe7 21. Re1 Nc6 22. b3 Re8 23. Bc4 Rxe1+ 24. Nxe1 Bf5 25. Bd5 Re8 26. g3 Bc3 27. Nef3 Bd3+ 28. Kg2 Re2 29. Nc4 Ne5 30. Ncxe5 dxe5 31. Bxb7 e4 32. Ng1 Rb2 33. Nh3 e3 34. Bf3 exf2 0-1

[Event "December 12 Early 2023"]
[Site "https://www.chess.com"]
[Date "2023.12.12"]
[Round "1"]
[White "Kazakouski, Valery"]
[Black "Tabuenca Mendataurigoitia, Daniel"]
[Result "1-0"]
[Board "51"]
[TimeControl "180+1"]
[WhiteFideId "13507443"]
[BlackFideId "24563617"]
[WhiteElo "2865"]
[BlackElo "2484"]
[WhiteTeam "LTU"]
[BlackTeam "ESP"]
[WhiteClock "0:00:13"]
[BlackClock "0:00:00"]

1. e4 Nc6 2. Nf3 d6 3. d4 Nf6 4. Nc3 g6 5. h3 Bg7 6. Bc4 O-O 7. Bg5 h6 8. Be3 e5 9. dxe5 Nxe5 10. Bb3 c6 11. Nd4 Re8 12. Qd2 h5 13. Nde2 Qc7 14. O-O-O Ned7 15. Qxd6 Qxd6 16. Rxd6 Bf8 17. Rd2 Nxe4 18. Nxe4 Rxe4 19. Rhd1 Nb6 20. Ng3 Re8 21. Rd8 Be6 22. Rxa8 Nxa8 23. Bxe6 Rxe6 24. Rd8 Nc7 25. Bxa7 h4 26. Nf1 Kg7 27. Bd4+ f6 28. Rd7+ Re7 29. Rxe7+ Bxe7 30. Kd2 Kf7 31. Kd3 Ke6 32. Nd2 f5 33. c4 Ne8 34. Nb3 Kd6 35. Bc5+ Kd7 36. Bxe7 Kxe7 37. Na5 Nd6 38. f3 c5 39. a3 Kd7 40. b4 b6 41. Nb3 Kc6 42. bxc5 bxc5 43. a4 Nf7 44. f4 Nd6 45. a5 Nc8 46. Nd2 Nd6 47. Nf3 Ne4 48. Ne5+ Kb7 49. Nxg6 Ka6 50. Nxh4 Kxa5 51. Nxf5 Nf6 52. g4 Kb4 53. Ne3 Kb3 54. f5 Nd7 55. g5 Ne5+ 56. Ke4 1-0

[Event "December 12 Early 2023"]
[Site "https://www.chess.com"]
[Date "2023.12.12"]
[Round "1"]
[White "Kochiev, Ivan"]
[Black "Mikaelyan, Arman"]
[Result "0-1"]
[Board "52"]
[TimeControl "180+1"]
[WhiteFideId "2917890"]
[BlackFideId "13304852"]
[WhiteElo "2484"]
[BlackElo "2863"]
[WhiteTeam "BUL"]
[BlackTeam "ARM"]
[WhiteClock "0:00:04"]
[BlackClock "0:00:47"]

1. e4 e5 2. Nf3 Nc6 3. Bc4 Bc5 4. c3 d6 5. O-O Bb6 6. Re1 Nf6 7. d3 O-O 8. h3 Ne7 9. Nbd2 Ng6 10. Nf1 Be6 11. Bb5 h6 12. Ng3 c6 13. Ba4 d5 14. exd5 Nxd5 15. d4 exd4 16. Nxd4 Qd6 17. Ne4 Qc7 18. Nxe6 fxe6 19. Qg4 Ne5 20. Qxe6+ Kh8 21. Be3 Nxe3 22. fxe3 Nd3 23. Re2 Nf4 24. Qg4 Rae8 25. Bc2 Nxe2+ 26. Qxe2 Qe5 27. Re1 Re7 28. Qd3 Qd5 29. Nc5 Qxd3 30. Nxd3 Rxe3 31. Rxe3 Bxe3+ 32. Kh2 Rf1 0-1

[Event "December 12 Early 2023"]
[Site "https://www.chess.com"]
[Date "2023.12.12"]
[Round "1"]
[White "Corrales Jimenez, Fidel"]
[Black "Iljin, Timofey"]
[Result "1-0"]
[Board "53"]
[TimeControl "180+1"]
[WhiteFideId "3506690"]
[BlackFideId "14110180"]
[WhiteElo "2859"]
[BlackElo "2483"]
[WhiteTeam "USA"]
[BlackTeam "UKR"]
[WhiteClock "0:00:08"]
[BlackClock "0:00:07"]

1. e4 e5 2. Nf3 Nc6 3. Bb5 a6 4. Bxc6 dxc6 5. Nc3 f6 6. d4 exd4 7. Nxd4 c5 8. Nde2 Qxd1+ 9. Nxd1 Be6 10. Bf4 O-O-O 11. Ne3 Ne7 12. h4 Ng6 13. Bg3 Ne5 14. a3 b6 15. Nf4 Bf7 16. Nfd5 Kb7 17. O-O-O c6 18. Nxf6 Nd3+ 19. Rxd3 Rxd3 20. cxd3 gxf6 21. Bf4 b5 22. Nf5 a5 23. Nd6+ Bxd6 24. Bxd6 c4 25. dxc4 Bxc4 26. f3 h5 27. Be7 Rg8 28. Rg1 Be2 29. Bc5 b4 30. axb4 axb4 31. Kd2 Bb5 32. Bxb4 Rd8+ 33. Ke3 Rg8 34. Kf4 Kc7 35. Bc3 Rf8 36. g4 hxg4 37. fxg4 c5 38. h5 Bd3 39. Rg3 Bb1 40. h6 Re8 41. Re3 Kd6 42. Bxf6 Ke6 43. g5 c4 44. h7 c3 45. bxc3 Bxe4 46. Rxe4+ Kf7 47. Rxe8 Kg6 48. h8=Q Kf7 49. Qg8# 1-0

[Event "December 12 Early 2023"]
[Site "https://www.chess.com"]
[Date "2023.12.12"]
[Round "1"]
[White "Xu, Yi"]
[Black "Aalto, Patrik"]
[Result "1-0"]
[Board "55"]
[TimeControl "180+1"]
[WhiteFideId "8605564"]
[BlackFideId "510726"]
[WhiteElo "2851"]
[BlackElo "2477"]
[WhiteTeam "CHN"]
[BlackTeam "FIN"]
[WhiteClock "0:02:08"]
[BlackClock "0:00:25"]

1. e4 c5 2. Nf3 e6 3. d4 cxd4 4. Nxd4 Nc6 5. Nc3 Qc7 6. g3 a6 7. Bg2 Nf6 8. O-O Nxd4 9. Qxd4 Bc5 10. Bf4 d6 11. Qd2 h6 12. Rad1 e5 13. Be3 Bxe3 14. fxe3 Be6 15. Qxd6 Qxd6 16. Rxd6 Rd8 17. Rb6 Rd7 18. Nd5 Kd8 19. c4 Ne8 20. c5 Nc7 21. Rxb7 Kc8 22. c6 1-0

[Event "December 12 Early 2023"]
[Site "https://www.chess.com"]
[Date "2023.12.12"]
[Round "1"]
[White "Azali, Tannaz"]
[Black "Finek, Vaclav"]
[Result "1-0"]
[Board "56"]
[TimeControl "180+1"]
[WhiteFideId "12537721"]
[BlackFideId "23718293"]
[WhiteElo "2474"]
[BlackElo "2850"]
[WhiteTeam "IRI"]
[BlackTeam "CZE"]
[WhiteClock "0:01:11"]
[BlackClock "0:00:27"]

1. e4 c5 2. Nc3 Nc6 3. Bb5 Nd4 4. Nf3 a6 5. Bd3 e6 6. O-O Nc6 7. b3 g6 8. Bb2 Bg7 9. Re1 d6 10. Bf1 Nge7 11. Na4 e5 12. Nc3 O-O 13. a4 Nd4 14. h3 Be6 15. Ng5 Bd7 16. a5 Nec6 17. Nf3 Nxa5 18. Nd5 Nac6 19. c3 Nxf3+ 20. Qxf3 Be6 21. Rad1 Ne7 22. d4 cxd4 23. cxd4 Bxd5 24. exd5 exd4 25. Bxd4 Bxd4 26. Rxd4 Nf5 27. Rf4 Qg5 28. Rg4 Qh5 29. Qf4 Kg7 30. Bd3 Rae8 31. Rxe8 Rxe8 32. Bxf5 Re1+ 33. Kh2 Re5 34. Bd3 Rxd5 35. Bc4 Re5 36. Qxf7+ Kh6 37. Qf8# 1-0

[Event "December 12 Early 2023"]
[Site "https://www.chess.com"]
[Date "2023.12.12"]
[Round "1"]
[White "Bocharov, Dmitry"]
[Black "Senft, Sean"]
[Result "1-0"]
[Board "57"]
[TimeControl "180+1"]
[WhiteFideId "4138716"]
[BlackFideId "2044960"]
[WhiteElo "2849"]
[BlackElo "2473"]
[WhiteTeam "RUS"]
[BlackTeam "USA"]
[WhiteClock "0:00:39"]
[BlackClock "0:00:08"]

1. c4 c6 2. Nf3 d5 3. g3 Nf6 4. Bg2 Bg4 5. Ne5 Bf5 6. cxd5 cxd5 7. Qa4+ Nbd7 8. Nc3 e6 9. g4 Bg6 10. h4 Bd6 11. Nxd7 Qxd7 12. Qxd7+ Kxd7 13. h5 Bc2 14. d3 d4 15. Kd2 dxc3+ 16. Kxc2 cxb2 17. Bxb2 Nxg4 18. Rhg1 Rac8+ 19. Kb3 f5 20. Bf3 Rc5 21. a4 Rg8 22. Bd4 Rc7 23. Bxg4 fxg4 24. Rxg4 e5 25. Bxa7 b5 26. Be3 bxa4+ 27. Raxa4 Rb8+ 28. Ka2 Rc2+ 29. Ka1 Rxe2 30. Rxg7+ Ke6 31. Rg1 Bb4 32. Ra6+ Kd5 33. Rc1 e4 34. d4 Bd6 35. Rxd6+ Kxd6 36. Bf4+ Kd5 37. Bxb8 Rxf2 38. Re1 Rh2 39. Bxh2 1-0

[Event "December 12 Early 2023"]
[Site "https://www.chess.com"]
[Date "2023.12.12"]
[Round "1"]
[White "YurasovMat-2012"]
[Black "Putnam, Liam"]
[Result "0-1"]
[Board "58"]
[TimeControl "180+1"]
[BlackFideId "30938279"]
[WhiteElo "2472"]
[BlackElo "2848"]
[BlackTeam "USA"]
[WhiteClock "0:00:51"]
[BlackClock "0:01:27"]

1. e4 e5 2. Nf3 Nc6 3. Bc4 Bc5 4. O-O Nf6 5. d3 a6 6. c3 d6 7. h3 Ba7 8. a4 h6 9. Re1 O-O 10. Nbd2 Re8 11. Nf1 Be6 12. Qc2 Bxc4 13. dxc4 Nh5 14. Be3 Bxe3 15. Nxe3 Re6 16. Rad1 Rg6 17. Kh1 Nf4 18. Rg1 Qc8 19. Nf5 Qe6 20. b3 Ne7 21. Kh2 Rf6 22. g4 h5 23. g5 Rxf5 24. exf5 Nxf5 25. Rde1 Ne3 0-1

[Event "December 12 Early 2023"]
[Site "https://www.chess.com"]
[Date "2023.12.12"]
[Round "1"]
[White "Bacrot, Etienne"]
[Black "Goncalves, Davi Sulzbacher"]
[Result "1-0"]
[Board "59"]
[TimeControl "180+1"]
[WhiteFideId "605506"]
[BlackFideId "2154510"]
[WhiteElo "2842"]
[BlackElo "2471"]
[WhiteTeam "FRA"]
[BlackTeam "BRA"]
[WhiteClock "0:00:23"]
[BlackClock "0:00:01"]

1. e4 c5 2. Nf3 Nc6 3. Bb5 g6 4. O-O Bg7 5. c3 Nf6 6. e5 Nd5 7. d4 cxd4 8. cxd4 O-O 9. Nc3 Nxc3 10. bxc3 d6 11. Bxc6 bxc6 12. Bf4 Bg4 13. Re1 dxe5 14. Bxe5 Qd5 15. Bxg7 Bxf3 16. Qxf3 Qxf3 17. gxf3 Kxg7 18. Rxe7 c5 19. d5 c4 20. Rb1 Rab8 21. Rxb8 Rxb8 22. Rxa7 Rb1+ 23. Kg2 Rc1 24. Ra3 Kf6 25. f4 Ke7 26. Kf3 Kd6 27. Ke4 Rd1 28. Ra6+ Ke7 29. Rc6 Ra1 30. Rxc4 Rxa2 31. Rc7+ Kd6 32. Rc6+ Ke7 33. Ke3 Ra3 34. h4 h5 35. f3 Kd7 36. Ke4 Ra1 37. f5 Rh1 38. fxg6 Rxh4+ 39. f4 fxg6 40. Rxg6 Rh1 41. c4 h4 42. c5 h3 43. Rg7+ Ke8 44. Rh7 h2 45. Kf5 Kd8 46. c6 Rd1 47. Rxh2 Rxd5+ 48. Ke6 Rc5 49. Kd6 Rf5 50. Rh8+ 1-0

[Event "December 12 Early 2023"]
[Site "https://www.chess.com"]
[Date "2023.12.12"]
[Round "1"]
[White "Lehtosaari, Mauri"]
[Black "Vakhlamov, Igor L."]
[Result "0-1"]
[Board "60"]
[TimeControl "180+1"]
[WhiteFideId "501999"]
[BlackFideId "24126748"]
[WhiteElo "2470"]
[BlackElo "2835"]
[WhiteTeam "FIN"]
[BlackTeam "RUS"]
[WhiteClock "0:00:11"]
[BlackClock "0:00:24"]

1. d4 d5 2. c4 e6 3. Nc3 c5 4. cxd5 cxd4 5. Qa4+ Bd7 6. Qxd4 exd5 7. Qxd5 Nf6 8. Qd1 Bc5 9. Nf3 O-O 10. a3 Qe7 11. e3 Rd8 12. Qc2 Nc6 13. Be2 Ne5 14. O-O Bc6 15. Qf5 Ng6 16. b4 Bb6 17. Bb2 Ne4 18. Rad1 Nxc3 19. Bxc3 Bxe3 20. Rxd8+ Rxd8 21. Bc4 Bb6 22. Ng5 Rf8 23. Re1 Qd7 24. Qxd7 Bxd7 25. g3 h6 26. Ne4 Re8 27. Nd6 Rxe1+ 28. Bxe1 Ne5 29. Bb3 Bc7 30. Ne4 Nf3+ 31. Kf1 Bb5+ 32. Kg2 Nxe1+ 33. Kh3 0-1

[Event "December 12 Early 2023"]
[Site "https://www.chess.com"]
[Date "2023.12.12"]
[Round "1"]
[White "Koelle, Tobias"]
[Black "GMFYHR1"]
[Result "0-1"]
[Board "61"]
[TimeControl "180+1"]
[WhiteFideId "16207378"]
[WhiteElo "2834"]
[BlackElo "2469"]
[WhiteTeam "GER"]
[WhiteClock "0:00:14"]
[BlackClock "0:00:14"]

1. Nf3 Nf6 2. c4 g6 3. g3 Bg7 4. Bg2 O-O 5. O-O c6 6. b3 Ne4 7. d4 d5 8. Bb2 Bf5 9. Nc3 Nxc3 10. Bxc3 dxc4 11. bxc4 Nd7 12. Re1 Nb6 13. Qb3 Be6 14. Nd2 Bxd4 15. Red1 Bxc3 16. Qxc3 Qc7 17. h4 h5 18. c5 Nd5 19. Qb2 Rfd8 20. Nf3 Bg4 21. Ng5 b6 22. Rdc1 bxc5 23. Rxc5 Rab8 24. Qc2 Qe5 25. Re1 Rb2 26. Qc1 Rxe2 27. Rxe2 Qxe2 28. Bf1 Qxa2 29. Rxc6 Nb6 30. Rxb6 axb6 31. Bc4 Rc8 32. Bxa2 Rxc1+ 33. Kg2 e6 34. Ne4 Kg7 35. Nd6 Rc2 36. Bb3 Rb2 37. Bc4 Be2 38. Bxe2 Rxe2 39. Kf3 Rb2 40. Nc4 Rb3+ 41. Ke2 b5 42. Ne5 b4 43. Kd1 Rb2 44. Nd3 Rb3 45. Nc5 Rc3 46. Ne4 Rc7 47. Ke2 b3 48. Nd6 Kf8 49. Nb5 b2 50. Nxc7 b1=Q 51. Kf3 Qb7+ 52. Kf4 Qxc7+ 53. Kg5 Kg7 54. f4 f6# 0-1

[Event "December 12 Early 2023"]
[Site "https://www.chess.com"]
[Date "2023.12.12"]
[Round "1"]
[White "Pak, Yevgeniy"]
[Black "Materia, Marco"]
[Result "0-1"]
[Board "62"]
[TimeControl "180+1"]
[WhiteFideId "14201712"]
[BlackFideId "45150451"]
[WhiteElo "2469"]
[BlackElo "2834"]
[WhiteTeam "KAZ"]
[BlackTeam "FRA"]
[WhiteClock "0:01:10"]
[BlackClock "0:01:34"]

1. d4 Nf6 2. c4 e6 3. Nf3 d5 4. g3 Be7 5. Bg2 O-O 6. O-O Nbd7 7. Nc3 c6 8. Nd2 b6 9. b3 Bb7 10. Bb2 c5 11. cxd5 cxd4 12. Nb5 Bxd5 13. Nxd4 Bxg2 14. Kxg2 Rc8 15. N2f3 Nc5 16. Rc1 Qd5 17. Nb5 Qa8 18. Qd2 Rfd8 19. Qf4 a6 20. Nc3 h6 21. Rfd1 g5 22. Qe3 Ng4 23. Rxd8+ Rxd8 0-1

[Event "December 12 Early 2023"]
[Site "https://www.chess.com"]
[Date "2023.12.12"]
[Round "1"]
[White "Yeremyan, Alen"]
[Black "Hrebenshchykova, Yelyzaveta"]
[Result "1-0"]
[Board "63"]
[TimeControl "180+1"]
[WhiteFideId "13308998"]
[BlackFideId "14159899"]
[WhiteElo "2832"]
[BlackElo "2469"]
[WhiteTeam "ARM"]
[BlackTeam "UKR"]
[WhiteClock "0:00:16"]
[BlackClock "0:00:03"]

1. e4 e5 2. Nf3 Nc6 3. d4 exd4 4. Nxd4 Qf6 5. Be3 Bc5 6. c3 Nge7 7. Be2 b6 8. O-O Bb7 9. f4 Bxd4 10. cxd4 d5 11. e5 Qe6 12. Nc3 h5 13. Bd3 g6 14. Rc1 a6 15. Kh1 O-O-O 16. Qe2 Nb4 17. Bb1 Nf5 18. Bg1 h4 19. Bxf5 Qxf5 20. a3 Nc6 21. b4 Ne7 22. Na4 Kb8 23. Rc3 h3 24. g4 Qe4+ 25. Qf3 Rh4 26. Bf2 Rxg4 27. Nb2 Nf5 28. Re1 Qxf4 29. Qxf4 Rxf4 30. Kg1 Nxd4 31. Bxd4 Rxd4 32. Rxh3 c5 33. bxc5 bxc5 34. Nd3 Rc8 35. Rh7 Rxd3 36. Rxf7 d4 37. e6 Bd5 38. Rd7 Bc4 39. e7 Re3 40. Rb1+ Bb3 41. Rd8 c4 42. Rd7 d3 43. Kf2 Re2+ 44. Kf3 Re6 45. a4 a5 46. Rg1 Ka8 47. Rg5 Ra6 48. Rd8 Kb8 49. Rxc8+ Kxc8 50. e8=Q+ Kc7 51. Qf7+ Kb6 52. Qf6+ Kb7 53. Rb5+ Ka7 54. Qe7+ Ka8 55. Qb7# 1-0

[Event "December 12 Early 2023"]
[Site "https://www.chess.com"]
[Date "2023.12.12"]
[Round "1"]
[White "Berezin, Viktor"]
[Black "Brodsky, David"]
[Result "1-0"]
[Board "64"]
[TimeControl "180+1"]
[WhiteFideId "14107872"]
[BlackFideId "2073250"]
[WhiteElo "2469"]
[BlackElo "2831"]
[WhiteTeam "UKR"]
[BlackTeam "USA"]
[WhiteClock "0:00:16"]
[BlackClock "0:00:01"]

1. d4 Nf6 2. c4 e6 3. Nf3 a6 4. g3 b5 5. Qb3 bxc4 6. Qxc4 Bb7 7. Bg2 Be7 8. O-O O-O 9. Nc3 Nc6 10. Bf4 a5 11. Qd3 Nb4 12. Qd2 Ne4 13. Nxe4 Bxe4 14. a3 Nd5 15. Rfc1 a4 16. Ne5 Bxg2 17. Kxg2 Nxf4+ 18. gxf4 Rb8 19. Rc4 f6 20. Nf3 Rb3 21. Rac1 Bd6 22. Rxa4 Qb8 23. Rc2 Qb7 24. d5 exd5 25. Nd4 Rb6 26. Nf5 Rb8 27. b4 Bf8 28. Ra5 c6 29. f3 Rb5 30. Rxb5 Qxb5 31. Nd4 Qa4 32. Rc3 Re8 33. Re3 Rb8 34. Nf5 Kh8 35. Ne7 Qb5 36. f5 c5 37. Qxd5 cxb4 38. Qg8# 1-0

[Event "December 12 Early 2023"]
[Site "https://www.chess.com"]
[Date "2023.12.12"]
[Round "1"]
[White "Klymchuk, Andriy"]
[Black "Kiremitciyan, Ari"]
[Result "1-0"]
[Board "65"]
[TimeControl "180+1"]
[WhiteFideId "14140063"]
[BlackFideId "6373445"]
[WhiteElo "2823"]
[BlackElo "2468"]
[WhiteTeam "UKR"]
[BlackTeam "TUR"]
[WhiteClock "0:01:36"]
[BlackClock "0:00:00"]

1. e4 c6 2. d4 d5 3. e5 Bf5 4. Nc3 e6 5. g4 Bg6 6. Nge2 c5 7. h4 h5 8. Nf4 Bh7 9. g5 cxd4 10. Nb5 Nc6 11. Qxh5 Bb4+ 12. c3 dxc3 13. bxc3 a6 14. Nxe6 axb5 15. Nxd8 Bxc3+ 16. Bd2 Bxa1 17. Qxf7+ Kxd8 18. Qxb7 Rc8 19. Bh3 Rc7 20. Qa8+ Ke7 21. O-O Bd3 22. Rxa1 Rxh4 23. Bg2 Rg4 24. f3 1-0

[Event "December 12 Early 2023"]
[Site "https://www.chess.com"]
[Date "2023.12.12"]
[Round "1"]
[White "Perossa, Nicolas"]
[Black "Miladinovic, Igor"]
[Result "0-1"]
[Board "66"]
[TimeControl "180+1"]
[WhiteFideId "2850520"]
[BlackFideId "4203380"]
[WhiteElo "2468"]
[BlackElo "2816"]
[WhiteTeam "ITA"]
[BlackTeam "SRB"]
[WhiteClock "0:00:00"]
[BlackClock "0:01:38"]

1. Nf3 d5 2. d3 Nc6 3. e4 dxe4 4. dxe4 Qxd1+ 5. Kxd1 Bg4 6. Be3 f5 7. Nd2 fxe4 8. Nxe4 Nf6 9. Nxf6+ exf6 10. Be2 O-O-O+ 11. Kc1 Bd6 12. h3 Bd7 13. c3 Rhe8 14. Bd3 g6 15. Kc2 Ne5 16. Nxe5 Bxe5 17. Rhe1 Ba4+ 18. b3 Bc6 19. f3 Bg3 20. Re2 Rd6 21. Bd2 Red8 22. Be4 Bxe4+ 23. fxe4 Be5 24. Be3 Rc6 25. Bd2 b5 26. Rd1 Rcd6 27. b4 Kb7 28. Ree1 Rd3 29. Re2 a5 30. Rf1 axb4 31. cxb4 Ra3 32. Bc1 Rxa2+ 0-1

[Event "December 12 Early 2023"]
[Site "https://www.chess.com"]
[Date "2023.12.12"]
[Round "1"]
[White "Mikhailovsky, Vladimir"]
[Black "Rodriguez Fontecha, Marcos"]
[Result "1-0"]
[Board "67"]
[TimeControl "180+1"]
[WhiteFideId "34105414"]
[BlackFideId "2256576"]
[WhiteElo "2816"]
[BlackElo "2463"]
[WhiteTeam "RUS"]
[BlackTeam "ESP"]
[WhiteClock "0:00:01"]
[BlackClock "0:00:00"]

1. c4 c6 2. e4 d5 3. exd5 cxd5 4. cxd5 Nf6 5. Qa4+ Nbd7 6. Nc3 g6 7. Nf3 Bg7 8. Bc4 O-O 9. d3 Nb6 10. Qb3 Bg4 11. Ne5 Bf5 12. O-O Rc8 13. Re1 Nfd7 14. Bf4 Nc5 15. Qa3 Bxe5 16. Bxe5 Bxd3 17. Bb3 Ba6 18. Bd4 Nxb3 19. axb3 Nxd5 20. Rad1 e6 21. Ne4 Qh4 22. Qd6 Rc6 23. Qa3 f5 24. Nc5 Re8 25. Be5 Qb4 26. Qa1 Qxc5 27. Bd4 Qb5 28. b4 Qxb4 29. b3 Qxb3 30. Bh8 Rc7 31. Be5 Rd7 32. h4 Qb4 33. h5 Qg4 34. h6 Qg5 35. Bf4 Qe7 36. Be5 Qf7 37. Bb2 Nb4 38. Qa3 Nc2 39. Qc3 e5 40. Rxd7 1-0

[Event "December 12 Early 2023"]
[Site "https://www.chess.com"]
[Date "2023.12.12"]
[Round "1"]
[White "Dann, Matthias"]
[Black "Klukin, Kirill"]
[Result "1-0"]
[Board "68"]
[TimeControl "180+1"]
[WhiteFideId "24638056"]
[BlackFideId "24199273"]
[WhiteElo "2462"]
[BlackElo "2814"]
[WhiteTeam "GER"]
[BlackTeam "RUS"]
[WhiteClock "0:00:04"]
[BlackClock "0:00:00"]

1. e4 c5 2. Nf3 g6 3. d4 cxd4 4. Nxd4 Bg7 5. Nc3 Nc6 6. Be3 Nf6 7. Bc4 O-O 8. Bb3 Re8 9. h3 e6 10. f4 d6 11. Qd2 Nxd4 12. Bxd4 e5 13. fxe5 dxe5 14. Be3 Be6 15. O-O-O Bxb3 16. axb3 Qa5 17. Kb1 Rac8 18. Nd5 Qa6 19. Nxf6+ Bxf6 20. h4 Qc6 21. h5 Qxe4 22. hxg6 hxg6 23. Bxa7 Bg5 24. Qf2 Rc6 25. Rd7 Rf6 26. Qg3 Rc8 27. Rd3 Qe2 28. Rc3 Rf1+ 29. Rxf1 Qxf1+ 30. Ka2 Qa6+ 31. Kb1 Rxc3 32. bxc3 Qf1+ 33. Ka2 Bf4 34. Qf2 Qa6+ 35. Kb2 Qc6 36. Qc5 Qxg2 37. Qc8+ Kg7 38. Bc5 Qc6 39. Qf8+ Kh7 40. Be7 Qe6 41. Bh4 Bh6 42. Qd8 Bg7 43. Bf2 e4 44. Qd2 b5 45. Be3 Qe5 46. Bd4 Qf5 47. Qh2+ Kg8 48. Qb8+ Kh7 49. Qh2+ Qh5 50. Qd2 Bxd4 51. cxd4 Qf3 52. Qh2+ Kg8 53. Qb8+ Kg7 54. Qe5+ Kh7 55. Qh2+ Qh5 56. Qf4 Qd5 57. c3 Kg7 58. Kc2 b4 59. Qe3 bxc3 60. Kxc3 f5 61. b4 Qc6+ 62. Kb3 Qe6+ 63. Ka4 Qd7+ 64. b5 Kf6 65. Ka5 Qa7+ 66. Kb4 Qb6 67. Qc3 Qd6+ 68. Qc5 Ke6 69. b6 e3 70. b7 Qxc5+ 71. Kxc5 e2 72. b8=Q e1=Q 73. Qe8+ 1-0

[Event "December 12 Early 2023"]
[Site "https://www.chess.com"]
[Date "2023.12.12"]
[Round "1"]
[White "Tisaj, Domen"]
[Black "Mestnikov, Aisen"]
[Result "0-1"]
[Board "69"]
[TimeControl "180+1"]
[WhiteFideId "14628708"]
[BlackFideId "34130117"]
[WhiteElo "2813"]
[BlackElo "2458"]
[WhiteTeam "SLO"]
[BlackTeam "RUS"]
[WhiteClock "0:00:37"]
[BlackClock "0:00:05"]

1. e4 e5 2. Nf3 Nc6 3. Bb5 a6 4. Ba4 Nge7 5. O-O g6 6. c3 Bg7 7. d4 exd4 8. cxd4 b5 9. Bc2 d6 10. Nc3 O-O 11. d5 Na5 12. Be3 Nc4 13. Bc1 c5 14. h3 Bb7 15. Re1 f5 16. exf5 Nxf5 17. Ng5 Nd4 18. Ne6 Nxe6 19. Rxe6 Qh4 20. Qe2 Bd4 21. Be3 Nxe3 22. fxe3 Be5 23. Qe1 Bg3 24. Qe2 Rf2 25. Qd3 c4 26. Qd1 Raf8 27. Ne4 Be5 28. Nxf2 Qxf2+ 29. Kh1 Bxd5 30. Rxg6+ hxg6 31. Qxd5+ Kh8 32. Qd1 Qg3 33. Qg1 Rf2 34. Be4 Rxb2 35. Rf1 Kg7 36. Rf3 Qg5 37. Bd5 Bf6 38. Qe1 Rxa2 39. Rg3 Qe5 0-1